 Dungeon Crawl Stone Soup version 0.31-a0-232-gb1c03b2570 (webtiles) character file.

Game seed: 1214674505745022814

51 qw the Shooter (level 3, -2/29 HPs)
             Began as a Minotaur Hexslinger on July 6, 2023.
             Slain by a gnoll
             ... wielding a +0 spear
              (7 damage)
             ... on level 2 of the Dungeon.
             The game lasted 00:00:23 (854 turns).

qw the Shooter (Minotaur Hexslinger)                 Turns: 854, Time: 00:00:23

Health: -2/29      AC:  2    Str: 12    XL:     3   Next: 57%
Magic:  3/3        EV: 12    Int: 10    God:
Gold:   29         SH:  0    Dex: 14    Spells: 3/4 levels left

rFire   . . .        Y - +1 sling
rCold   . . .        (no shield)
rNeg    . . .        c - +0 robe
rPois   .            (helmet restricted)
rElec   .            (no cloak)
rCorr   .            (no gloves)
SInv    .            (no boots)
Will    +....        (no amulet)
Stlth   +            g - ring of willpower
HPRegen 0.24/turn    (no ring)
MPRegen 0.08/turn

%: no passive effects
@: no status effects
A: horns 2, retaliatory headbutt
a: no special abilities


You were on level 2 of the Dungeon.
You visited 1 branch of the dungeon, and saw 2 of its levels.

You collected 29 gold pieces.


Innate Abilities, Weirdness & Mutations

You have a pair of horns on your head.
You reflexively headbutt those who attack you in melee.


   Skills:
 - Level 2.0 Fighting
 + Level 4.1 Ranged Weapons
 - Level 2.1 Dodging
 - Level 1.0 Spellcasting
 - Level 2.0 Hexes


You had 3 spell levels left.
You knew the following spells:

 Your Spells              Type           Power      Damage    Failure   Level
a - Slow                  Hex            16%        N/A       16%         1

Your spell library contained the following spells:

 Spells                   Type           Power      Damage    Failure   Level
 Inner Flame              Hex/Fire       2%         N/A       56%         3
 Portal Projectile        Hex/Tloc       4%         N/A       56%         3
 Cause Fear               Hex            2%         N/A       83%         4

Inventory:

Hand Weapons
 Y - a +1 sling (weapon)
Armour
 c - a +0 robe (worn)
Jewellery
 g - a ring of willpower (left hand)
Scrolls
 a - a scroll of fear {unknown}
 b - a scroll of enchant armour {unknown}
Potions
 h - a potion of magic {unknown}
 j - a potion of haste {unknown}

Dungeon Overview and Level Annotations

Branches:
Dungeon (2/15)

Altars:


Message History

A gnoll comes into view. It is wielding a +0 spear.
You shoot a sling bullet. The sling bullet barely misses Jessica.
You shoot a sling bullet.
The sling bullet closely misses Jessica.
Jessica barely misses you. The +1 spectral club hits you.
Jessica barely misses you. You furiously retaliate!
You headbutt Jessica, but do no damage. The +1 spectral club barely misses you.
A +1 spectral club comes into view.
You shoot a sling bullet.
The sling bullet hits Jessica but does no damage.
Jessica is severely wounded.
Jessica misses you. The +1 spectral club hits you.
You shoot a sling bullet.
The sling bullet hits Jessica but does no damage.
Jessica is severely wounded.
Jessica barely misses you. The +1 spectral club hits you!
A gnoll comes into view. It is wielding a +0 club.
You shoot a sling bullet.
The sling bullet closely misses Jessica.
The sling bullet closely misses the goblin.
Jessica misses you. You furiously retaliate!
You headbutt Jessica!
You kill Jessica!
The +1 spectral club disappears.
Your Ranged Weapons skill increases to level 4!
You have reached level 3!
Your experience leads to an increase in your attributes!
Increase (S)trength, (I)ntelligence, or (D)exterity?
You feel agile. x2
You shoot a sling bullet.
The sling bullet barely misses the goblin.
The goblin hits you with a +0 club. The gnoll misses you.
You shoot a sling bullet. The sling bullet hits the goblin!
You kill the goblin!
The gnoll hits you from afar with a +0 spear.
The gnoll barely misses you.
You shoot a sling bullet. The sling bullet hits the gnoll!
The gnoll is severely wounded.
A gnoll comes into view. It is wielding a +0 whip.
The gnoll hits you from afar with a +0 spear!
You die...

##........ #.........
#......... ##
###......... ..g
####........... ##..
#....#......... .^...
#.####.........
.....g####......(.......
......g@.>..#####.......
..........### ##......
.......#..#######..##...
.#...........##...###...
#......#.......### #...
#####.......#### #...
..#.#....# #...
####......#######...
#####........#...


You could see 3 gnolls.

Vanquished Creatures
  Jessica (D:2)
  3 endoplasms
  5 hobgoblins
  A quokka (D:1)
  4 ball pythons (D:1)
  3 bats
  2 frilled lizards
  4 goblins
  2 kobolds (D:1)
25 creatures vanquished.

Notes
Turn   | Place    | Note
-------+----------+-------------------------------------------
     0 | D:1      | qw the Minotaur Hexslinger began the quest for the Orb.
     0 | D:1      | Reached XP level 1. HP: 16/16 MP: 1/1
     0 | D:1      | 0 ||| qw: Version: 0.3-a-46-gb1f654a
     0 | D:1      | 0 ||| qw: Game counter: 2075
     0 | D:1      | 0 ||| qw: Melee chars always use a shield: true
     0 | D:1      | 0 ||| qw: God list: Okawaru
     0 | D:1      | 0 ||| qw: Allow faded altars: false
     0 | D:1      | 0 ||| qw: Do Orc after clearing Dungeon:15 true
     0 | D:1      | 0 ||| qw: Do second Lair branch before Depths: true
     0 | D:1      | 0 ||| qw: Lair rune preference: random
     0 | D:1      | 0 ||| qw: Goals: Normal
     0 | D:1      | 0 ||| PLANNING D:1-11
   171 | D:1      | Reached skill level 3 in Ranged Weapons
   176 | D:1      | Reached XP level 2. HP: 23/23 MP: 2/2
   636 | D:1      | 636 ||| UPGRADING to ring of willpower.
   637 | D:1      | 637 ||| READING scroll labelled VEUNIU ZOFYNT.
   638 | D:1      | 638 ||| READING scroll labelled KAINOI SYOXZESAC.
   643 | D:1      | 643 ||| READING scroll labelled KEGOEG NAUNEUSUN.
   644 | D:1      | 644 ||| READING scroll labelled KOSOQE ODIT.
   645 | D:1      | 645 ||| DROPPING scroll of poison.
   673 | D:2      | 673 ||| FLEEEEING.
   719 | D:2      | HP: 5/24 [goblin/+0 dagger (2)]
   842 | D:2      | Noticed Jessica
   851 | D:2      | Killed Jessica
   852 | D:2      | Reached skill level 4 in Ranged Weapons
   852 | D:2      | Reached XP level 3. HP: 11/29 MP: 3/3
   853 | D:2      | HP: 4/29 [gnoll/+0 spear (5)]
   854 | D:2      | Slain by a gnoll

Levels and vault maps discovered:
D:1:      tarquinn_simple_flora_water_e, layout_loops_cross, minivault_4,
          st_stairs_9
D:2:      layout_rooms, chequers_jeans, uniq_jessica

Skill      XL: |  1  2 |
---------------+-------+-----
Ranged Weapons | 3 4 |  4.1
Fighting       | 2 |  2.0
Dodging        | |  2.1
Spellcasting   | |  1.0
Hexes          | |  2.0

Action                     || total
---------------------------++-------
   Fire: Sling             ||    90
    Use: Scroll            ||     4
 Armour: Robe              ||     3
  Dodge: Dodged            ||    28

Table legend:
 A = Non-vault XP
 B = Vault XP
 C = Vault XP percentage of total XP
 D = Non-vault monster count
 E = Vault monster count
 F = Vault count percentage of total count
                 A         B        C        D         E       F
            +---------+---------+-------+---------+---------+-------
      Total |      33 |      40 |  54.8 |      22 |       3 |  12.0
            +---------+---------+-------+---------+---------+-------
        D:1 |      24 |       3 |  11.1 |      16 |       2 |  11.1
        D:2 |       9 |      37 |  80.4 |       6 |       1 |  14.3
            +---------+---------+-------+---------+---------+-------
